 Dungeon Crawl Stone Soup version 0.30-a0-422-g946f4849ff (webtiles) character file.

Game seed: 5549833310529488021

2458371 freelancePsychic the Ruinous (level 27, 238/238 HPs)
             Began as a Demonspawn Conjurer on Dec 6, 2022.
             Was the Champion of Ashenzari.
             Escaped with the Orb
             ... and 4 runes on Dec 8, 2022!
             The game lasted 02:22:20 (68654 turns).

freelancePsychic the Ruinous (Demonspawn Conjurer) Turns: 68654, Time: 02:22:21

Health: 238/238    AC: 29    Str:  9    XL:     27
Magic:  56/56      EV: 25    Int: 42    God:    Ashenzari [******]
Gold:   8902       SH: 17    Dex: 22    Spells: 25/64 levels left

rFire   + + +      SeeInvis +    g - +3 Elemental Staff {rElec rF++ rC++ AC+5, Fort, Bglg} (curse)
rCold   + + +      Faith    .    P - +2 kite shield "Shattered With Me" {Range, Elem} (curse)
rNeg    . . .      Spirit   .    N - +4 troll leather armour of Desmomancy {rElec Regen+ Str-3 Dex+3 SInv, Comp, Self} (curse)
rPois   +          Reflect  .    k - +3 hat of Pondering {ponderous, Will+ MP+10 Int+5, Elem, Bglg} (curse)
rElec   +          Harm     .    a - scarf "Profound Burden" {rC+ rF+, Elem, Fort} (curse)
rCorr   .          Rampage  .    n - +0 pair of gloves "Mutualism of Ashenzari" {Str+2 Dex+5, Elem, Range} (curse)
Will    ++++.      Clarity  +    (boots unavailable)
Stlth   +.........               G - amulet of the Unyielding Gaze {Regen+, Elem, Comp} (curse)
HPRegen 2.19/turn                A - ring of the Tortoise {AC+8, Evo, Fort} (curse)
MPRegen 0.35/turn                t - ring "Restrained Together" {rPois Will+ Str+2 Int+6, Fort, Bglg} (curse)

@: slow
A: hooves 3, demonic guardian 3, ignite blood 3, sharp scales 3, corrupting
presence 2, word of chaos
0: Orb of Zot
}: 4/15 runes: serpentine, barnacled, slimy, silver
a: Word of Chaos, Renounce Religion, Shatter the Chains


You escaped.
You worshipped Ashenzari.
Ashenzari was exalted by your worship.
You visited 11 branches of the dungeon, and saw 53 of its levels.
You visited 1 ziggurat, and saw 14 of its levels.
You also visited: Gauntlet, Volcano, Wizlab and Desolation.

You collected 9367 gold pieces.
You spent 465 gold pieces at shops.

Inventory:

Hand Weapons
 g - the cursed +3 Elemental Staff (weapon) {rElec rF++ rC++ AC+5, Fort, Bglg}
   (You found it on level 3 of the Elven Halls)

   If the wielder is skilled in Evocations, they can discharge powerful blasts
   of elemental energy when striking with it.
   It enhances your fire, ice, earth and air magic.
   AC:        It affects your AC (+5).
   rF:        It greatly protects you from fire.
   rC:        It greatly protects you from cold.
   rElec:     It insulates you from electricity.
   It has a curse which improves the following skills: Fortitude: Armour and
   Shields.
   Beguiling: Conjurations, Hexes and Translocations.
Missiles
 o - 11 throwing nets
Armour
 a - the cursed scarf "Profound Burden" (worn) {rC+ rF+, Elem, Fort}
   (You found it on level 11 of the Dungeon)

   It has a curse which improves the following skills: Elements: Fire Magic, Ice
   Magic, Air Magic and Earth Magic.
   Fortitude: Armour and Shields.
 k - the cursed +3 hat of Pondering (worn) {ponderous, Will+ MP+10 Int+5, Elem, Bglg}
   (You found it in a Gauntlet)

   Int:       It affects your intelligence (+5).
   MP:        It affects your magic capacity (+10).
   Will:      It increases your willpower.
   It has a curse which improves the following skills: Elements: Fire Magic, Ice
   Magic, Air Magic and Earth Magic.
   Beguiling: Conjurations, Hexes and Translocations.
 n - the cursed +0 pair of gloves "Mutualism of Ashenzari" (worn) {Str+2 Dex+5, Elem, Range}
   (You found it on level 3 of the Dungeon)

   Str:       It affects your strength (+2).
   Dex:       It affects your dexterity (+5).
   It has a curse which improves the following skills: Elements: Fire Magic, Ice
   Magic, Air Magic and Earth Magic.
   Ranged Combat: Ranged Weapons and Throwing.
 N - the cursed +4 troll leather armour of Desmomancy (worn) {rElec Regen+ Str-3 Dex+3 SInv, Comp, Self}
   (You took it off a minotaur in a Gauntlet)

   Str:       It affects your strength (-3).
   Dex:       It affects your dexterity (+3).
   rElec:     It insulates you from electricity.
   SInv:      It lets you see invisible.
   Regen:     It increases your rate of health regeneration.
   It has a curse which improves the following skills: Companions: Summonings
   and Necromancy.
   Introspection: Fighting and Spellcasting.
 P - the cursed +2 kite shield "Shattered With Me" (worn) {Range, Elem}
   (You took it off a gnoll sergeant on level 11 of the Dungeon)

   It has a curse which improves the following skills: Ranged Combat: Ranged
   Weapons and Throwing.
   Elements:  Fire Magic, Ice Magic, Air Magic and Earth Magic.
Jewellery
 i - a +4 ring of protection
 l - the ring "Miac" {Drain rElec Will+ Str+6 Int+2}
   (You took it off a centaur warrior on level 14 of the Dungeon)

   [ring of strength]

   Str:       It affects your strength (+6).
   Int:       It affects your intelligence (+2).
   rElec:     It insulates you from electricity.
   Drain:     It drains your maximum health when unequipped.
   Will:      It increases your willpower.
 t - the cursed ring "Restrained Together" (right hand) {rPois Will+ Str+2 Int+6, Fort, Bglg}
   (You found it on level 14 of the Dungeon)

   [ring of intelligence]

   Str:       It affects your strength (+2).
   Int:       It affects your intelligence (+6).
   rPois:     It protects you from poison.
   Will:      It increases your willpower.
   It has a curse which improves the following skills: Fortitude: Armour and
   Shields.
   Beguiling: Conjurations, Hexes and Translocations.
 w - an amulet of the acrobat
 A - the cursed ring of the Tortoise (left hand) {AC+8, Evo, Fort}
   (You took it off a deep elf demonologist on level 3 of the Elven Halls)

   [ring of protection]

   AC:        It affects your AC (+8).
   It has a curse which improves the following skills: Evocations: Evocations.
   Fortitude: Armour and Shields.
 G - the cursed amulet of the Unyielding Gaze (around neck) {Regen+, Elem, Comp}
   (You found it on level 9 of the Dungeon)

   [amulet of regeneration]

   Regen:     It increases your rate of health regeneration.
   It has a curse which improves the following skills: Elements: Fire Magic, Ice
   Magic, Air Magic and Earth Magic.
   Companions: Summonings and Necromancy.
 O - the amulet "Byskir" {Regen+ Str+3}
   (You found it on level 4 of a ziggurat)

   [amulet of regeneration]

   Str:       It affects your strength (+3).
   Regen:     It increases your rate of health regeneration.
 S - the ring of Youthful Indiscretion {rF+ Str+5 Dex+2 SInv Stlth+}
   (You found it on level 14 of the Dungeon)

   [ring of protection from fire]

   Str:       It affects your strength (+5).
   Dex:       It affects your dexterity (+2).
   rF:        It protects you from fire.
   SInv:      It lets you see invisible.
   Stlth:     It makes you more stealthy.
 T - a ring of magical power
 U - a +6 ring of dexterity
 W - a +4 ring of evasion
 Y - a ring of willpower
Wands
 c - a wand of paralysis (32)
 j - a wand of flame (122)
 q - a wand of quicksilver (63)
 x - a wand of polymorph (24)
 E - a wand of digging (10)
 K - a wand of iceblast (64)
Scrolls
 d - 10 scrolls of fear
 e - 34 scrolls of teleportation {@r4}
 f - 7 scrolls of amnesia
 p - 11 scrolls of immolation
 y - 6 scrolls of magic mapping
 B - 2 scrolls of summoning
 D - 25 scrolls of fog
 H - 6 scrolls of blinking
 J - 3 scrolls of silence
 Q - 7 scrolls of enchant armour
 V - 8 scrolls of enchant weapon
Potions
 b - a potion of magic
 h - 8 potions of berserk rage
 m - 24 potions of curing {@q1}
 r - 10 potions of attraction
 s - 6 potions of resistance
 u - 7 potions of ambrosia
 v - 16 potions of might
 z - 3 potions of brilliance
 C - 8 potions of flight
 F - 14 potions of cancellation
 I - 6 potions of lignification
 M - 7 potions of haste {@q3}
 R - 5 potions of invisibility
 X - a potion of heal wounds {@q2}
 Z - 18 potions of mutation
Miscellaneous
 L - a phantom mirror


   Skills:
 + Level 21.9(24.2) Fighting
 - Level 3.9(8.5) Maces & Flails
 - Level 11.7(12.0) Staves
 - Level 1.8(5.8) Armour
 + Level 19.0 Dodging
 - Level 4.1 Stealth
 - Level 9.7(15.8) Shields
 * Level 17.0(19.4) Spellcasting
 - Level 22.3(27) Conjurations
 - Level 5.0(9.8) Translocations
 - Level 4.6 Transmutations
 - Level 20.1(27) Fire Magic
 - Level 6.4(13.2) Earth Magic
 - Level 8.0 Poison Magic
 - Level 14.5(17.1) Evocations


You had 25 spell levels left.
You knew the following spells:

 Your Spells              Type           Power      Damage    Failure   Level
a - Ignition              Fire           79%        3d20      1%          8
b - Iron Shot             Conj/Erth      71%        9d13      1%          6
c - Fire Storm            Conj/Fire      79%        8d20      1%          9
d - Olgreb's Toxic Radia  Pois           83%        N/A       1%          4
e - Iskenderun's Mystic   Conj/Tloc      100%       2d19      0%          4
f - Ignite Poison         Fire/Tmut/Pois 100%       N/A       1%          3
h - Irradiate             Conj/Tmut      54%        3d29      1%          5

Your spell library contained the following spells:

 Spells                   Type           Power      Damage    Failure   Level
 Foxfire                  Conj/Fire      100%       2x1d9     0%          1
 Kiss of Death            Conj/Necr      100%       2d13      0%          1
 Magic Dart               Conj           100%       1d8       0%          1
 Shock                    Conj/Air       100%       1d9       0%          1
 Scorch                   Fire           100%       2d10      0%          2
 Searing Ray              Conj           100%       2d8       0%          2
 Static Discharge         Conj/Air       100%       2-7/arc   0%          2
 Dazzling Flash           Conj/Hex       100%       N/A       0%          3
 Hailstorm                Conj/Ice       100%       3d20      0%          3
 Inner Flame              Hex/Fire       100%       N/A       0%          3
 Stone Arrow              Conj/Erth      100%       3d13      0%          3
 Flame Wave               Conj/Fire      100%       2d21      0%          4
 Sticky Flame             Conj/Fire      100%       2d11      0%          4
 Fireball                 Conj/Fire      79%        3d29      0%          5
 Iskenderun's Battlesphe  Conj           100%       2d15      0%          5
 Starburst                Conj/Fire      79%        6d20      0%          6
 Freeze                   Ice            100%       1d10      1%          1
 Slow                     Hex            100%       N/A       1%          1
 Sting                    Tmut/Pois      100%       1d8       1%          1
 Summon Small Mammal      Summ           100%       N/A       1%          1
 Blink                    Tloc           100%       N/A       1%          2
 Cigotuvi's Dreadful Rot  Necr/Pois/Air  100%       N/A       1%          2
 Ensorcelled Hibernation  Hex/Ice        100%       N/A       1%          2
 Poisonous Vapours        Pois/Air       100%       N/A       1%          2
 Sublimation of Blood     Necr           45%        N/A       1%          2
 Wereblood                Tmut           68%        N/A       1%          2
 Gell's Gravitas          Tloc           89%        N/A       1%          3
 Kindle Blastsparks       Fire/Tloc/Air  100%       2d18      1%          3
 Lesser Beckoning         Tloc           100%       N/A       1%          3
 Mephitic Cloud           Conj/Pois/Air  100%       N/A       1%          3
 Portal Projectile        Hex/Tloc       100%       N/A       1%          3
 Spider Form              Tmut/Pois      76%        N/A       1%          3
 Teleport Other           Tloc           89%        N/A       1%          3
 Vhi's Electric Charge    Tloc/Air       100%       N/A       1%          3
 Animate Armour           Summ/Erth      100%       N/A       1%          4
 Fulminant Prism          Conj/Hex       51%        3d23      1%          4
 Leda's Liquefaction      Hex/Erth       49%        N/A       1%          4
 Manifold Assault         Tloc           89%        N/A       1%          4
 Passage of Golubria      Tloc           89%        N/A       1%          4
 Arcjolt                  Conj/Air       63%        1d73      1%          5
 Freezing Cloud           Conj/Ice/Air   67%        6-21      1%          5
 Lightning Bolt           Conj/Air       63%        1d86      1%          5
 Conjure Ball Lightning   Conj/Air       63%        3x3d24    1%          6
 Orb of Destruction       Conj           66%        9d16      1%          7
 Frozen Ramparts          Ice            100%       1d16      2%          3
 Swiftness                Air            66%        N/A       2%          3
 Borgnjor's Vile Clutch   Necr/Erth      49%        N/A       2%          5
 Lehudib's Crystal Spear  Conj/Erth      71%        10d16     2%          8
 Call Canine Familiar     Summ           45%        N/A       3%          3
 Confusing Touch          Hex            47%        N/A       3%          3
 Summon Guardian Golem    Hex/Summ       46%        N/A       3%          3
 Tukima's Dance           Hex            47%        N/A       3%          3
 Vampiric Draining        Necr           45%        2d9       3%          3
 Dispersal                Tloc           44%        N/A       3%          6
 Ice Form                 Ice/Tmut       77%        N/A       4%          4
 Summon Forest            Summ/Tloc      35%        N/A       4%          5
 Spellforged Servitor     Conj/Summ      51%        N/A       4%          7
 Blade Hands              Tmut           34%        N/A       5%          5
 Airstrike                Air            33%        2d(5-21)  9%          4
 Anguish                  Hex/Necr       23%        N/A       10%         4
 Cause Fear               Hex            23%        N/A       10%         4
 Summon Ice Beast         Ice/Summ       64%        N/A       10%         4
 Animate Dead             Necr           45%        N/A       11%         4
 Dispel Undead            Necr           45%        3d17      11%         4
 Yara's Violent Unravell  Hex/Tmut       29%        3d12      12%         5
 Eringya's Noxious Bog    Tmut/Pois      38%        N/A       16%         6
 Silence                  Hex/Air        32%        N/A       26%         5
 Summon Mana Viper        Hex/Summ       46%        N/A       28%         5
 Agony                    Necr           45%        N/A       30%         5
 Malign Gateway           Summ/Tloc      35%        N/A       80%         7
 Simulacrum               Ice/Necr       32%        N/A       82%         6
 Disjunction              Tloc           44%        N/A       83%         8
 Summon Cactus Giant      Summ           22%        N/A       85%         6
 Death Channel            Necr           22%        N/A       86%         6
 Dragon Form              Tmut           34%        N/A       86%         7
 Storm Form               Tmut/Air       38%        N/A       98%         7
 Chain Lightning          Conj/Air       63%        3d84      99%         9
 Haunt                    Necr/Summ      22%        N/A       100%        7
 Ozocubu's Refrigeration  Ice            33%        4d14      100%        7
 Summon Hydra             Summ           22%        N/A       100%        7
 Borgnjor's Revivificati  Necr           22%        N/A       100%        8
 Discord                  Hex            23%        N/A       100%        8
 Maxwell's Capacitive Co  Air            33%        ∞         100%        8
 Summon Horrible Things   Summ           22%        N/A       100%        8
 Polar Vortex             Ice            33%        N/A       100%        9


Dungeon Overview and Level Annotations

Branches:
Dungeon (15/15)            Temple (1/1) D:7            Lair (5/5) D:9
 Shoals (4/4) Lair:2        Snake (4/4) Lair:2        Slime (5/5) Lair:4
    Orc (2/2) D:11            Elf (3/3) Orc:2        Vaults (5/5) D:13
  Crypt (0/3) Vaults:3     Depths (4/4) D:15            Zot (5/5) Depths:4
Volcano (visited)          WizLab (visited)         Desolation (visited)
Gauntlet (visited)

Altars:
Ashenzari
Cheibriados
Dithmenos
Fedhas
Gozag
Hepliaklqana
Kikubaaqudgha
Makhleb
Nemelex Xobeh
Okawaru
Qazlal
Ru
Sif Muna
Trog
Uskayaw
Vehumet
Wu Jian
Xom
Yredelemnul
Jiyva

Shops:
D:10 (   D:12 [   Orc:1 !*   Orc:2 ((=:   Elf:3 [   Shoals:3 *   Vaults:1 [
Vaults:3 ?

Portals:
Hell: Depths:1 Depths:2 Depths:4
Abyss: Depths:1 Depths:3 Depths:4
Pandemonium: Depths:2 Depths:3

Annotations:
D:3 Ijyb
D:5 3 runed translucent doors, baller8008's ghost, amateur TrBe; tonyyikes's ghost, weakling DsDe
D:8 exclusion: two-headed ogre
D:14 1 runed translucent door, Idogg's ghost, journeyman GrFi
Lair:1 exclusion: 2 oklob plants
Shoals:3 2 transporters, exclusion: orange crystal statue
Snake:1 2 runed translucent doors, Roxanne; avis's ghost, journeyman DgIE
Elf:2 3 runed translucent doors
Depths:2 11 runed translucent doors, billz999's ghost, veteran GnHu; valliere's ghost, adept HOMo


Innate Abilities, Weirdness & Mutations

You have hooves in place of feet.
A powerful demonic guardian rushes to your aid.
Your demonic aura causes all spilled blood to erupt in flames.
You are completely covered in razor-sharp scales. (AC +3, Slay +3)
Your presence sometimes corrodes or deforms those you injure.
You can speak a Word of Chaos.


Message History

The demonic crawler completely misses you.
You sock the demonic crawler! You freeze the demonic crawler!
You kick the demonic crawler!
The demonic crawler is severely wounded.
You block the demonic crawler's attack.
The demonic crawler completely misses you.
You block the demonic crawler's attack.
You sock the demonic crawler! You burn the demonic crawler.
You kill the demonic crawler!
No target in view!
(D) Dungeon (T) Temple (L) Lair (A) Shoals (P) Snake Pit (M) Slime Pits (O) Orcish Mines (E) Elven Halls (V) Vaults (C) Crypt (U) Depths (H) Hell (Z) Zot
Where to? (Enter - D:1 @ (x,y), ? - help)
A daeva comes into view.
It is wielding a +3 eudemon blade of holy wrath.
Unknown command.
Your magical contamination has completely faded away.
There is a stone staircase leading up here.
You climb upwards.
Level annotation: Ijyb
There is a stone staircase leading down here.
(D) Dungeon (T) Temple (L) Lair (A) Shoals (P) Snake Pit (M) Slime Pits (O) Orcish Mines (E) Elven Halls (V) Vaults (C) Crypt (U) Depths (H) Hell (Z) Zot
Where to? (Enter - D:1 @ (x,y), ? - help)
There is a stone staircase leading up here.
You climb upwards.
There is a stone staircase leading down here.
There is a stone staircase leading up here.
Magic restored.
You climb upwards.
There is a stone staircase leading down here.
You see here a +0 dagger.
You see here a +0 club.
You see here a +0 short sword.
There is a staircase leading out of the dungeon here.
Unknown command.
You have escaped!

#.##.####..######.# #..##..
#.##..............# #......
#.#######..######## ##.#### #.#
#..#8.8## #.# # #.## #.......#
#.# #
...######.......############.####
.#...........8..##...............
...#####........8#####.####.#####
#### #....(...@# #.# #.#
#........8# #.# #.# #.....8..####
#.# #.#
#........##.###.####.#####
#........##...............
#.#.#8.8###..##.####......
#.#.########.##.# #..#### #.###
#.##.#.##.# #..# #.# #.##.#.##.#
#..#


There were no monsters in sight!

Vanquished Creatures
  the Royal Jelly (Slime:5)
  2 dread liches (Vaults:5)
  Mara (Vaults:2)
  3 ancient liches
  5 orbs of fire
  A juggernaut (Depths:3)
  2 royal mummies (Zig:14)
  Sojobo (Depths:1)
  5 Killer Klowns
  Xtahua (Vaults:5)
  Frederick (Vaults:2)
  2 curse toes
  9 caustic shrikes
  5 golden dragons
  A pandemonium lord (D:5)
  A bone dragon (Depths:4)
  2 electric golems
  8 tentacled monstrosities
  An Ice Fiend (Zig:3)
  Jorgrun (Elf:1)
  23 Orb Guardians
  5 liches
  6 quicksilver dragons
  Asterion (Snake:1)
  3 titans
  A walking divine tome (Depths:3)
  4 deep elf blademasters
  3 deep elf master archers
  Polyphemus (Shoals:2)
  17 acid blobs
  3 death cobs
  10 sphinxes
  11 tengu reavers
  A demonspawn warmonger (Zot:5)
  7 shadow dragons
  15 storm dragons
  8 nagarajas
  Agnes (Elf:2)
  2 azure jellies (Slime:5)
  5 draconian monks
  A nargun (Zig:3)
  4 draconian knights
  10 rockslimes
  7 frost giants
  2 imperial myrmidons (Desolation)
  13 fire giants
  3 draconian scorchers
  31 vault wardens
  4 iron dragons
  Louise (Shoals:4)
  7 draconian shifters
  3 deep elf elementalists (Elf:3)
  6 deep elf sorcerers (Elf:3)
  Aizul (Snake:4)
  An orc warlord (Vaults:3)
  27 very ugly things
  4 draconian stormcallers
  8 quicksilver oozes
  15 ironbound preservers
  2 reapers
  3 ghost moths
  8 draconian annihilators
  A war gargoyle (Vaults:5)
  A spriggan defender (Depths:3)
  2 bennus (Zig:9)
  28 stone giants
  2 vampire knights (Depths:1)
  4 ironbound thunderhulks
  13 deep elf demonologists
  Azrael (Elf:1)
  9 green draconians
  4 deep elf annihilators
  7 red draconians
  7 dire elephants
  7 yellow draconians
  3 spark wasps
  8 black draconians
  4 purple draconians
  16 white draconians
  12 ettins
  8 deep elf death magi
  7 merfolk impalers
  A crystal guardian (Desolation)
  2 merfolk javelineers
  A quicksilver dragon zombie (Zig:9)
  16 ragged hierophants (Desolation)
  11 yaktaur captains
  9 fire dragons
  6 entropy weavers
  4 rakshasas
  8 mummy priests
  7 deep elf high priests
  11 great orbs of eyes
  Fannar (D:11)
  10 peacekeepers
  5 salamander tyrants
  7 servants of whispers (Desolation)
  5 catoblepae
  10 ice dragons
  40 vault guards
  5 merfolk avatars
  A death knight (D:14)
  5 alligator snapping turtles
  A jorogumo (Zig:6)
  7 spriggan air magi
  10 ironbound frosthearts
  2 two-headed ogres
  8 hydras
  A jorogumo (shapeshifter) (Vaults:5)
  17 anacondas
  2 ogre magi
  18 dancing weapons
  A radroach (Zig:6)
  3 death scarabs
  5 deep troll shamans
  8 tengu warriors
  A boulder beetle (Lair:5)
  17 centaur warriors
  2 vampire magi (Depths:2)
  18 satyrs
  8 death yaks
  15 naga warriors
  8 deep troll earth magi
  5 merfolk aquamancers
  3 hell hogs (D:13)
  7 orc high priests
  11 shock serpents
  21 naga sharpshooters
  4 spriggan berserkers
  2 storm dragon zombies
  9 deep elf knights
  A sun demon (Depths:3)
  Amaemon (Lair:1)
  4 salamander mystics
  3 glowing orange brains
  31 deep trolls
  5 iron trolls
  A sea snake (shapeshifter) (Vaults:2)
  2 pharaoh ants (Zig:6)
  20 sea snakes
  A swamp dragon (Lair:5)
  A shadow demon (D:10)
  Pikel (D:9)
  3 flayed ghosts
  A sphinx zombie (Zig:14)
  A tengu zombie (WizLab)
  4 golden dragon zombies
  6 naga ritualists
  A lindwurm (shapeshifter) (Depths:3)
  9 wizards
  39 harpies
  7 lindwurms
  12 deep elf archers
  A harpy (shapeshifter) (Gauntlet)
  3 phantasmal warriors
  20 deep elf zephyrmancers
  8 orc knights
  35 deep elf pyromancers
  34 ironbound convokers
  An obsidian statue (Gauntlet)
  2 necromancers
  5 shining eyes
  A wolf spider (Zig:6)
  2 human zombies
  3 fire giant zombies (WizLab)
  4 orc sorcerers
  12 cyclopes
  A shadow dragon skeleton (Zig:9)
  2 stone giant zombies (WizLab)
  24 manticores
  17 moths of wrath
  8 mana vipers
  37 ugly things
  2 sphinx skeletons (Zig:9)
  A spectral boulder beetle (Gauntlet)
  13 fauns
  52 black mambas
  25 vault sentinels
  A black mamba (shapeshifter) (D:15)
  3 merfolk sirens
  18 salamanders
  A demonspawn zombie (WizLab)
  40 elephants
  A torpor snail (shapeshifter) (D:9)
  14 guardian serpents
  23 naga magi
  6 molten gargoyles
  5 torpor snails
  2 orange demons
  16 cane toads
  2 gargoyles (Volcano)
  2 eyes of devastation
  12 water nymphs
  A hellion (D:13)
  7 rime drakes
  Maggie (D:6)
  A demonic crawler (D:4)
  A yaktaur zombie (WizLab)
  Psyche (D:9)
  2 efreet
  10 komodo dragons
  2 freezing wraiths (Vaults:5)
  16 yaktaurs
  3 hellwings
  An ice devil (Depths:3)
  16 guardian mummies
  3 tengu conjurers
  A merfolk (shapeshifter) (Depths:2)
  A tyrant leech (Gauntlet)
  40 merfolk
  8 trolls
  16 polar bears
  9 wind drakes
  12 blink frogs
  A meliai (D:14)
  A tarantella (Vaults:4)
  4 hornets
  A hornet (shapeshifter) (Elf:1)
  7 snapping turtles
  114 slime creatures
  87 saltlings (Desolation)
  2 raiju (Lair:5)
  3 dream sheep (Shoals:1)
  A spectral black mamba (Gauntlet)
  A culicivora (Zig:6)
  2 centaur simulacra (D:15)
  36 yaks
  A vampire (D:13)
  5 air elementals
  3 wraiths
  3 basilisks
  A deep troll skeleton (Vaults:5)
  2 spriggans
  7 ushabtiu
  7 fire elementals
  A fire bat (shapeshifter) (Vaults:5)
  16 water elementals
  4 wyverns
  4 fire bats (Gauntlet)
  A golden eye (D:4)
  5 redbacks
  2 chaos spawn
  A spectral komodo dragon (Gauntlet)
  A yaktaur simulacrum (Vaults:5)
  4 steam dragons
  A vampire mosquito (D:9)
  24 nagas
  A glowing shapeshifter zombie (WizLab)
  A swamp worm (shapeshifter) (D:9)
  3 swamp worms (Gauntlet)
  A small abomination (D:5)
  An acid dragon (D:11)
  10 wargs
  26 hell hounds
  14 water moccasins
  A floating eye (Depths:1)
  A sky beast (D:7)
  A swamp drake (Lair:5)
  13 black bears
  35 orc warriors
  An ice beast (shapeshifter) (Vaults:5)
  2 elf zombies (WizLab)
  A glowing shapeshifter skeleton (Zig:9)
  An ogre (Orc:1)
  A boggart (Vaults:2)
  28 wolves
  15 centaurs
  3 kobold brigands
  14 bullfrogs
  3 lemures (D:9)
  10 earth elementals
  3 gnoll sergeants
  13 wights
  2 scorpions
  8 killer bees
  3 howler monkeys
  A crimson imp (D:9)
  2 jellies
  4 hounds
  21 orc priests
  A gnoll bouda (D:7)
  11 iguanas
  12 orc wizards
  18 mummies
  Robin (D:4)
  16 gnolls
  6 adders
  2 shadow imps
  4 white imps
  3 ufetubi
  A worm (D:3)
  5 dart slugs
  79 orcs
  8 ball pythons
  8 endoplasms
  5 giant cockroaches
  10 hobgoblins
  3 jackals (D:4)
  4 quokkas
  8 bats
  A frilled lizard (D:3)
  10 goblins
  23 kobolds
  6 rats
2471 creatures vanquished.

Vanquished Creatures (collateral kills)
  A royal mummy (Zig:9)
  A Killer Klown (Zot:5)
  3 tentacled monstrosities (Vaults:5)
  A hellephant (D:13)
  2 acid blobs
  A tengu reaver (Depths:3)
  A storm dragon (Zot:4)
  A shadow dragon (Vaults:5)
  A fire giant (Vaults:5)
  2 rockslimes
  2 draconian stormcallers
  A draconian shifter (Depths:4)
  A stone giant (Depths:4)
  A green draconian (Depths:4)
  A purple draconian (Depths:4)
  A spark wasp (Depths:1)
  A red draconian (Zig:13)
  A minotaur (Gauntlet)
  A spriggan air mage (Depths:2)
  Harold (D:9)
  2 dancing weapons
  An orc high priest (Orc:2)
  A hell knight (Volcano)
  A skeletal warrior (D:14)
  A human zombie (WizLab)
  A cyclops (D:14)
  2 moths of wrath
  A guardian serpent (Snake:1)
  A cane toad (Lair:4)
  A komodo dragon (Lair:1)
  2 saltlings (Desolation)
  3 blink frogs
  2 slime creatures (Slime:5)
  A snapping turtle (Shoals:2)
  A yak (Lair:2)
  A hell hound (Lair:5)
  A floating eye (Depths:1)
  A hobgoblin (D:4)
  2 goblins (D:4)
51 creatures vanquished.

Vanquished Creatures (others)
  A deep elf zephyrmancer (Elf:3)
  A spriggan (Depths:3)
  An air elemental (Elf:1)
  A water elemental (Elf:1)
  An orc wizard (D:7)
  181 fire vortices
  23 fungi
  96 plants
  8 withered plants
313 creatures vanquished.

Grand Total: 2835 creatures vanquished

Notes
Turn   | Place    | Note
-------+----------+-------------------------------------------
     0 | D:1      | freelancePsychic the Demonspawn Conjurer began the quest
                  | for the Orb.
     0 | D:1      | Reached XP level 1. HP: 13/13 MP: 3/3
   281 | D:1      | Found a faded altar of an unknown god.
   371 | D:1      | Gained mutation: You have large cloven feet. [demonic
                  | ancestry]
   371 | D:1      | Reached XP level 2. HP: 19/19 MP: 3/5
   526 | D:1      | Learned a level 2 spell: Searing Ray
  1198 | D:2      | Gained mutation: You are partially covered in razor-sharp
                  | scales. (AC +1, Slay +1) [demonic ancestry]
  1198 | D:2      | Reached XP level 3. HP: 21/24 MP: 6/6
  1865 | D:3      | Noticed Ijyb
  2024 | D:3      | Gained mutation: You have hoof-like feet. [demonic
                  | ancestry]
  2024 | D:3      | Reached XP level 4. HP: 31/31 MP: 7/7
  2341 | D:3      | Reached skill level 1 in Fighting
  2385 | D:3      | Identified the +0 pair of gloves of Protective Custody
                  | {Str+2 Dex+5}
  2742 | D:4      | Learned a level 4 spell: Iskenderun's Mystic Blast
  2761 | D:4      | Reached skill level 1 in Translocations
  2761 | D:4      | Gained mutation: A weak demonic guardian rushes to your
                  | aid. [demonic ancestry]
  2761 | D:4      | Reached XP level 5. HP: 35/37 MP: 8/8
  2843 | D:4      | Reached skill level 5 in Conjurations
  2873 | D:4      | Noticed Robin
  3053 | D:4      | Found a sparkling altar of Nemelex Xobeh.
  3083 | D:4      | Found an ancient bone altar of Kikubaaqudgha.
  3086 | D:4      | Found a shadowy altar of Dithmenos.
  3093 | D:4      | Found a sacrificial altar of Ru.
  3104 | D:4      | Became a worshipper of Ru the Awakened
  3136 | D:4      | Reached XP level 6. HP: 44/44 MP: 9/9
  3659 | D:4      | Noticed an ice beast
  3671 | D:4      | Killed Robin
  3779 | D:5      | Entered Level 5 of the Dungeon
  4019 | D:5      | Gained mutation: You have hooves in place of feet. [demonic
                  | ancestry]
  4019 | D:5      | Reached XP level 7. HP: 52/52 MP: 10/10
  4213 | D:5      | Found a runed translucent gate.
  4213 | D:5      | Found a runed translucent gate.
  4213 | D:5      | Found a runed translucent gate.
  4217 | D:5      | Noticed baller8008's ghost (amateur TrBe)
  4217 | D:5      | Noticed tonyyikes's ghost (weakling DsDe)
  4683 | D:6      | Noticed Maggie
  5069 | D:6      | Reached skill level 6 in Conjurations
  5198 | D:6      | Noticed a steam dragon
  5713 | D:6      | Reached XP level 8. HP: 46/61 MP: 11/11
  7052 | D:7      | Reached skill level 5 in Fighting
  7055 | D:6      | Reached skill level 7 in Conjurations
  7493 | D:7      | Found a staircase to the Ecumenical Temple.
  7505 | Temple   | Entered the Ecumenical Temple
  7620 | Temple   | Fell from the grace of Ru
  7620 | Temple   | Became a worshipper of Ashenzari the Shackled
  7662 | D:7      | Reached skill level 5 in Translocations
  7697 | D:7      | Reached skill level 1 in Poison Magic
  8377 | D:8      | Gained mutation: You are mostly covered in razor-sharp
                  | scales. (AC +2, Slay +2) [demonic ancestry]
  8377 | D:8      | Reached XP level 9. HP: 47/69 MP: 5/13
  8629 | D:8      | Learned a level 4 spell: Olgreb's Toxic Radiance
  8959 | D:8      | Noticed a two-headed ogre
  9218 | D:8      | Reached * piety under Ashenzari
 10017 | D:6      | Killed Maggie
 10348 | D:9      | Reached skill level 5 in Poison Magic
 10645 | D:9      | Identified the Vellum of Air
 10657 | D:9      | Noticed Psyche
 10834 | D:9      | Noticed Pikel
 10852 | D:9      | Killed Pikel
 10853 | D:9      | Reached skill level 5 in Spellcasting
 10853 | D:9      | Reached XP level 10. HP: 79/79 MP: 8/17
 10953 | D:9      | Reached ** piety under Ashenzari
 10954 | D:9      | Found a staircase to the Lair.
 10959 | D:9      | Noticed Harold
 10989 | D:9      | Found a burning altar of Makhleb.
 10990 | D:9      | Found a radiant altar of Vehumet.
 11069 | D:9      | Noticed a tengu warrior
 11270 | D:9      | Noticed a harpy
 11270 | D:9      | Noticed a four-headed hydra
 11270 | D:9      | Noticed a deep elf pyromancer
 11305 | D:10     | Entered Level 10 of the Dungeon
 11305 | D:10     | Found an ornate altar of the Wu Jian Council.
 11410 | D:10     | Noticed a two-headed ogre
 11419 | D:10     | Killed a two-headed ogre
 11424 | D:10     | Noticed a cyclops
 11556 | D:10     | Found Wuamoeheni's Weapon Shoppe.
 11697 | D:9      | Reached *** piety under Ashenzari
 12046 | D:10     | Killed a cyclops
 12400 | D:11     | Found a staircase to the Orcish Mines.
 12400 | D:11     | Noticed a manticore
 12409 | D:11     | Killed a manticore
 12667 | D:11     | Noticed Fannar
 12677 | D:11     | Killed Fannar
 12678 | D:11     | Reached XP level 11. HP: 91/92 MP: 22/22
 12988 | Orc:1    | Entered Level 1 of the Orcish Mines
 12988 | Orc:1    | Noticed an orc high priest
 12988 | Orc:1    | Noticed an orc sorcerer
 12988 | Orc:1    | Found Ucokaaq's Distillery.
 12992 | Orc:1    | Noticed an orc sorcerer
 12993 | Orc:1    | Noticed an orc knight
 12994 | Orc:1    | Noticed an orc knight
 12995 | Orc:1    | Killed an orc sorcerer
 12996 | Orc:1    | Reached skill level 1 in Transmutations
 12998 | Orc:1    | Noticed an orc sorcerer
 13142 | Orc:1    | Reached skill level 5 in Dodging
 13142 | Orc:1    | Noticed a sixfirhy
 13143 | Orc:1    | Killed an orc sorcerer
 13143 | Orc:1    | Killed an orc sorcerer
 13601 | D:12     | Learned a level 5 spell: Irradiate
 13627 | D:12     | Reached **** piety under Ashenzari
 13641 | D:12     | Noticed a centaur warrior
 13660 | D:12     | Killed a centaur warrior
 13661 | D:12     | Reached skill level 8 in Conjurations
 13859 | D:12     | Found Lealopp's Armour Emporium.
 13859 | D:12     | Noticed a brown ugly thing
 13870 | D:12     | Killed a brown ugly thing
 13871 | D:12     | Reached skill level 10 in Fighting
 14023 | D:12     | Noticed a two-headed ogre
 14032 | D:12     | Killed a two-headed ogre
 14592 | D:9      | Killed a deep elf pyromancer
 14892 | D:9      | Reached ***** piety under Ashenzari
 14895 | D:9      | Killed Psyche
 14992 | D:9      | Killed Harold
 15089 | D:9      | Killed a four-headed hydra
 15276 | D:9      | Noticed a deep elf pyromancer
 15287 | D:9      | Killed a deep elf pyromancer
 15288 | D:9      | Gained mutation: Your demonic aura sometimes causes spilled
                  | blood to erupt in flames. [demonic ancestry]
 15288 | D:9      | Reached XP level 12. HP: 103/103 MP: 12/24
 15417 | D:9      | Reached skill level 9 in Conjurations
 15428 | D:9      | Killed a tengu warrior
 15575 | Lair:1   | Entered Level 1 of the Lair of Beasts
 15703 | Lair:1   | Reached skill level 1 in Fire Magic
 16315 | Lair:1   | Reached skill level 10 in Conjurations
 16390 | Lair:1   | Noticed Amaemon
 16401 | Lair:1   | Killed Amaemon
 16402 | Lair:1   | Reached skill level 1 in Maces & Flails
 16977 | Lair:2   | Found a staircase to the Shoals.
 17281 | Lair:2   | Found a staircase to the Snake Pit.
 17291 | Lair:2   | Learned a level 3 spell: Ignite Poison
 17327 | Lair:2   | Gained mutation: Your demonic aura often causes spilled
                  | blood to erupt in flames. [demonic ancestry]
 17327 | Lair:2   | Reached XP level 13. HP: 89/112 MP: 25/25
 17924 | D:11     | Reached ****** piety under Ashenzari
 18107 | Lair:3   | Reached skill level 1 in Shields
 18107 | Lair:3   | Reached skill level 5 in Fire Magic
 19184 | Lair:4   | Reached skill level 5 in Shields
 19258 | Lair:4   | Found a runed translucent door.
 19349 | Lair:4   | Learned a level 8 spell: Ignition
 19771 | Lair:4   | Found a viscous altar of Jiyva.
 19773 | Lair:4   | Found a staircase to the Slime Pits.
 20034 | Lair:5   | Entered Level 5 of the Lair of Beasts
 20034 | Lair:5   | Identified the +0 leather armour of the Cartwright {-Tele
                  | Will++ rCorr Dex+3}
 20054 | Lair:5   | Gained mutation: Your demonic aura causes all spilled blood
                  | to erupt in flames. [demonic ancestry]
 20054 | Lair:5   | Reached XP level 14. HP: 119/120 MP: 19/27
 20158 | Lair:5   | Found a dark tunnel.
 20167 | Volcano  | Entered a volcano
 20307 | Volcano  | Learned a level 6 spell: Starburst
 20549 | Volcano  | Noticed an orb of fire
 20577 | Volcano  | Noticed an orb of fire
 21321 | Lair:5   | Identified the +8 halberd "Ottelehy" {holy, Dex+5}
 21391 | Lair:5   | Reached skill level 10 in Fire Magic
 21661 | Lair:5   | Reached XP level 15. HP: 122/126 MP: 30/30
 22555 | Orc:1    | Found Bomelleu's Overcharged Wands.
 22722 | Orc:2    | Entered Level 2 of the Orcish Mines
 22836 | Orc:2    | Found Imnohole's Self-Improvement Boutique.
 22877 | Orc:2    | Found a staircase to the Elven Halls.
 23300 | Orc:2    | Found Bacseda's Weapon Shoppe.
 23300 | Orc:2    | Found Ladobuys's Book Shoppe.
 23301 | Orc:2    | Found Ecserphub's Antique Weapon Emporium.
 23301 | Orc:2    | Found Tyanog's Jewellery Shoppe.
 23850 | D:13     | Found a huge runed gate.
 23850 | D:13     | Found a huge runed gate.
 23850 | D:13     | Found a huge runed gate.
 23850 | D:13     | Found a huge runed gate.
 23851 | D:13     | Found a huge runed gate.
 23851 | D:13     | Found a huge runed gate.
 23851 | D:13     | Found a huge runed gate.
 23852 | D:13     | Found a huge runed gate.
 23852 | D:13     | Found a huge runed gate.
 23852 | D:13     | Found a huge runed gate.
 23853 | D:13     | Found a huge runed gate.
 23854 | D:13     | Found a huge runed gate.
 23855 | D:13     | Found a huge runed gate.
 23856 | D:13     | Found a huge runed gate.
 23921 | D:13     | Found a huge runed gate.
 23921 | D:13     | Found a huge runed gate.
 23921 | D:13     | Found a huge runed gate.
 23921 | D:13     | Found a huge runed gate.
 23922 | D:13     | Found a huge runed gate.
 23923 | D:13     | Found a huge runed gate.
 23924 | D:13     | Found a huge runed gate.
 23925 | D:13     | Found a huge runed gate.
 23925 | D:13     | Found a huge runed gate.
 23925 | D:13     | Found a huge runed gate.
 23932 | D:13     | Found a huge runed gate.
 23932 | D:13     | Found a huge runed gate.
 23932 | D:13     | Found a huge runed gate.
 23932 | D:13     | Found a huge runed gate.
 23932 | D:13     | Found a huge runed gate.
 23932 | D:13     | Found a huge runed gate.
 23933 | D:13     | Found a huge runed gate.
 23978 | D:13     | Found a huge runed gate.
 23978 | D:13     | Found a huge runed gate.
 23984 | D:13     | Found a huge runed gate.
 23984 | D:13     | Found a huge runed gate.
 23984 | D:13     | Found a huge runed gate.
 24126 | D:13     | Found a gate to the Vaults.
 24411 | D:14     | Found a gate leading to a gauntlet.
 24420 | Gauntlet | Entered a Gauntlet
 24420 | Gauntlet | Found a transporter.
 24430 | Gauntlet | Found a transporter.
 24430 | Gauntlet | Found a transporter.
 24431 | Gauntlet | Found a transporter.
 24432 | Gauntlet | Found the +3 hat of Pondering {ponderous, Will+ MP+10
                  | Int+5}
 24439 | Gauntlet | Found a transporter.
 24442 | Gauntlet | Found a transporter.
 24443 | Gauntlet | Found a transporter.
 24452 | Gauntlet | Found a transporter.
 24454 | Gauntlet | Found a transporter.
 24455 | Gauntlet | Found a transporter.
 24463 | Gauntlet | Identified the +0 hat "Hijust" {Rampage Int+2}
 24467 | Gauntlet | Found a transporter.
 24467 | Gauntlet | Found a transporter.
 24468 | Gauntlet | Found a transporter.
 24476 | Gauntlet | Found a transporter.
 24821 | Gauntlet | Identified the +4 troll leather armour of Ticinis {rElec
                  | Regen+ Str-3 Dex+3 SInv}
 24824 | Gauntlet | Identified the Octavo of Jinxing
 24824 | Gauntlet | Identified the +9 arbalest of Magnificence {flame, rN+
                  | Str+5}
 24860 | D:14     | Found a runed translucent door.
 25310 | D:14     | Noticed Idogg's ghost (journeyman GrFi)
 25574 | D:14     | Identified the ring "Miac" {Drain rElec Will+ Str+6 Int+2}
 25700 | D:14     | Identified the ring of Youthful Indiscretion {rF+ Str+5
                  | Dex+2 SInv Stlth+}
 25710 | D:14     | Identified a ring "Kodweisa" {Fly MP+9 Dex+2}
 25712 | D:14     | Identified the ring of Zepnen {rPois Will+ Str+2 Int+6}
 25855 | D:14     | Upgraded the game from 0.30-a0-393-g54b8e3be05 to
                  | 0.30-a0-394-g3e4acdb0ae
 25870 | D:15     | Entered Level 15 of the Dungeon
 26223 | D:15     | Gained mutation: Your presence sometimes corrodes those you
                  | injure. [demonic ancestry]
 26223 | D:15     | Reached XP level 16. HP: 122/134 MP: 32/32
 26284 | D:15     | Found a staircase to the Depths.
 26905 | D:13     | Identified the +0 robe "Axutunal" {rF+}
 26905 | D:13     | Noticed a hellephant
 26919 | D:13     | HP: 6/134 [hellephant/blast of flame (34)]
 26920 | D:13     | Killed a hellephant
 27196 | Snake:1  | Entered Level 1 of the Snake Pit
 27208 | Snake:1  | Identified Roxanne's Almanac of Terrain
 27208 | Snake:1  | Noticed Roxanne
 27240 | Snake:1  | Noticed Asterion
 27251 | Snake:1  | Killed Asterion
 27808 | Snake:1  | Found a large runed translucent door.
 27808 | Snake:1  | Found a large runed translucent door.
 27809 | Snake:1  | Noticed avis's ghost (journeyman DgIE)
 28532 | Snake:1  | Identified the +6 trident "Qausayn" {vorpal, rPois Int-5
                  | SInv}
 29480 | Snake:2  | Found a runed translucent gate.
 29480 | Snake:2  | Found a runed translucent gate.
 29480 | Snake:2  | Found a runed translucent gate.
 29945 | Snake:3  | Reached XP level 17. HP: 144/146 MP: 28/33
 30231 | Shoals:1 | Entered Level 1 of the Shoals
 30532 | Shoals:1 | Reached skill level 15 in Fire Magic
 30623 | Shoals:1 | Reached skill level 15 in Fighting
 31746 | Shoals:2 | Noticed Polyphemus
 31787 | Shoals:2 | Killed Polyphemus
 32108 | Shoals:2 | Reached skill level 11 in Conjurations
 32520 | Shoals:3 | Found a transporter.
 32604 | Shoals:3 | Found Ibute's General Store.
 32610 | Shoals:3 | Found Umik's Specific Store.
 32616 | Shoals:3 | Bought a potion of magic for 136 gold pieces
 32620 | Shoals:3 | Bought a potion of magic for 96 gold pieces
 33124 | Shoals:3 | Found a transporter.
 33587 | Shoals:4 | Entered Level 4 of the Shoals
 33591 | Shoals:4 | Reached skill level 10 in Dodging
 33894 | Shoals:4 | Gained mutation: You are completely covered in razor-sharp
                  | scales. (AC +3, Slay +3) [demonic ancestry]
 33894 | Shoals:4 | Reached XP level 18. HP: 138/158 MP: 29/34
 34140 | Shoals:4 | Noticed Louise
 34146 | Shoals:4 | Killed Louise
 34148 | Shoals:4 | Paralysed by a sphinx for 2 turns
 34161 | Shoals:4 | Got a barnacled rune of Zot
 35373 | Snake:3  | Found the +5 scythe "Finisher" {speed, eviscerate}
 35608 | Snake:3  | Reached skill level 1 in Armour
 36162 | Snake:4  | Entered Level 4 of the Snake Pit
 36284 | Snake:4  | Reached skill level 1 in Earth Magic
 36674 | Snake:4  | Noticed Aizul
 36679 | Snake:4  | Killed Aizul
 37201 | Snake:4  | Reached XP level 19. HP: 97/172 MP: 36/36
 37343 | Snake:4  | Got a serpentine rune of Zot
 37752 | Elf:1    | Entered Level 1 of the Elven Halls
 37761 | Elf:1    | Learned a level 6 spell: Iron Shot
 37778 | Elf:1    | Reached skill level 5 in Earth Magic
 37816 | Elf:1    | Reached skill level 12 in Conjurations
 38049 | Elf:1    | Paralysed by an air elemental for 1 turns
 38078 | Elf:1    | Found a crumbling gateway.
 38091 | Desolati | Entered the Desolation of Salt
 38515 | Desolati | Identified the ring of Dim Light {+Blink rElec rF+}
 38516 | Desolati | Identified the +4 long sword of Karma {freeze, Str+3 Int-2
                  | Dex+2}
 38530 | Desolati | Reached skill level 10 in Spellcasting
 39011 | Desolati | Identified the Almanac of Sculpting and Beguiling
 39112 | Desolati | Identified the ring of Tevireph {rCorr Slay+5 Stlth+}
 39113 | Desolati | Identified the Tome of Putrid Thermatology
 39137 | Desolati | Identified the ring of Redudy {rF+ Will+ Int-5 Dex+2}
 39137 | Desolati | Found the +3 woodcutter's axe {vorpal}
 39138 | Desolati | Identified Gaenejag's Omnibus of Hyperbolic Unhallowed
                  | Rites
 39249 | Desolati | Identified the +4 sling of Reason {vorpal, rPois MP+9
                  | Str-4}
 39367 | Desolati | Identified the ring "Erratohufy" {Fire Str+3}
 39768 | Elf:1    | Noticed Azrael
 39783 | Elf:1    | Killed Azrael
 40115 | Elf:1    | Reached skill level 13 in Conjurations
 40282 | Elf:1    | Noticed Jorgrun
 40284 | Elf:1    | Reached XP level 20. HP: 175/175 MP: 37/37
 40287 | Elf:1    | Killed Jorgrun
 40288 | Elf:1    | Identified the +7 quarterstaff of Gemawugh {protect, rElec
                  | rC+ Str+2 Dex+2}
 40294 | Elf:1    | Reached skill level 15 in Dodging
 40677 | Elf:2    | Noticed Agnes
 40683 | Elf:2    | Killed Agnes
 40684 | Elf:2    | Paralysed by an air elemental for 1 turns
 40831 | Elf:2    | Found a runed translucent gate.
 40831 | Elf:2    | Found a runed translucent gate.
 40833 | Elf:2    | Found a runed translucent gate.
 40918 | Elf:2    | Learned a level 9 spell: Fire Storm
 41175 | Elf:3    | Entered Level 3 of the Elven Halls
 41323 | Elf:3    | Found Solli's Antique Armour Emporium.
 41771 | Elf:3    | Reached skill level 14 in Conjurations
 42353 | Elf:3    | Identified the +4 quarterstaff "Ysurumar" {elec, rElec rC+}
 42360 | Elf:3    | Identified the +6 falchion of Borexzue {vorpal, rCorr
                  | Str+4}
 42588 | Elf:3    | Identified Sif Muna's Exposition on the Spider
 42588 | Elf:3    | Identified the +10 shortbow of Domination {speed, rN+}
 42588 | Elf:3    | Identified Nioxaigo's Papyrus of Orientation and the
                  | Mausoleum
 42589 | Elf:3    | Identified Bilah's Excursus on Coordinates
 42589 | Elf:3    | Found the +3 Elemental Staff {rElec rF++ rC++ AC+5}
 43100 | Vaults:1 | Entered Level 1 of the Vaults
 43182 | Vaults:1 | Reached skill level 1 in Staves
 43182 | Vaults:1 | Reached skill level 1 in Evocations
 43186 | Vaults:1 | Reached skill level 15 in Conjurations
 43897 | Vaults:1 | Found Fuczi's Antique Armour Shop.
 44005 | Vaults:1 | Reached XP level 21. HP: 179/181 MP: 38/38
 44539 | Vaults:1 | Reached skill level 5 in Evocations
 44794 | Vaults:2 | Noticed Mara
 44797 | Vaults:2 | Noticed freelancePsychic's illusion
 44848 | Vaults:2 | Noticed freelancePsychic's illusion
 44848 | Vaults:2 | Killed Mara
 45096 | Vaults:2 | Identified a scroll of acquirement
 45248 | Vaults:2 | Reached skill level 16 in Conjurations
 46074 | Vaults:2 | Identified Rysmexa's Opusculum on Energetic Shapeshifting
 46598 | Vaults:2 | Noticed Frederick
 46603 | Vaults:2 | Killed Frederick
 47078 | Vaults:3 | Found Uhyvount's Magic Scroll Boutique.
 47086 | Vaults:3 | Bought a scroll of teleportation for 39 gold pieces
 47086 | Vaults:3 | Bought a scroll of enchant armour for 97 gold pieces
 47086 | Vaults:3 | Bought a scroll of blinking for 97 gold pieces
 47106 | Vaults:3 | Acquired 747 gold pieces
 47570 | Vaults:3 | Reached skill level 17 in Conjurations
 48751 | Vaults:3 | Found a staircase to the Crypt.
 48751 | Vaults:3 | Found an ancient bone altar of Kikubaaqudgha.
 48751 | Vaults:3 | Found a basalt altar of Yredelemnul.
 49228 | Vaults:4 | Gained mutation: Your presence sometimes corrodes or
                  | deforms those you injure. [demonic ancestry]
 49228 | Vaults:4 | Reached XP level 22. HP: 188/188 MP: 7/39
 49619 | Vaults:4 | Reached skill level 18 in Conjurations
 51018 | Depths:1 | Entered Level 1 of the Depths
 51402 | Depths:1 | Found a one-way gate to the infinite horrors of the Abyss.
 51466 | Depths:1 | Noticed Sojobo
 51468 | Depths:1 | Killed Sojobo
 52157 | Depths:1 | Identified the +5 dagger of Premature Burial {holy, Fly
                  | Int+5}
 52368 | Depths:1 | Found a gateway to Hell.
 52538 | Depths:1 | Upgraded the game from 0.30-a0-394-g3e4acdb0ae to
                  | 0.30-a0-414-gcb316572d5
 52760 | Depths:2 | Found a magical portal.
 52775 | WizLab   | Entered Doroklohe's Tomb
 53124 | WizLab   | Noticed an ancient lich
 53129 | WizLab   | Killed an ancient lich
 53402 | WizLab   | Acquired the Secrets of Blasts
 53554 | Depths:2 | Found a one-way gate leading to the halls of Pandemonium.
 53641 | Depths:2 | Found a large runed translucent door.
 53644 | Depths:2 | Found a large runed translucent door.
 53645 | Depths:2 | Found a large runed translucent door.
 53684 | Depths:2 | Reached skill level 19 in Conjurations
 53775 | Depths:2 | Found a large runed translucent door.
 53779 | Depths:2 | Found a large runed translucent door.
 53779 | Depths:2 | Identified the +9 rapier "Spiderbane" {venom, *Corrode
                  | rPois Will+ Int+2}
 53794 | Depths:2 | Identified the +3 chain mail of Recklessness {rC+ Str+3}
 53863 | Depths:2 | Found a runed translucent gate.
 53863 | Depths:2 | Found a runed translucent gate.
 53994 | Depths:2 | Found a large runed translucent door.
 53998 | Depths:2 | Found a large runed translucent door.
 53999 | Depths:2 | Found a large runed translucent door.
 54014 | Depths:2 | Found a runed translucent gate.
 54016 | Depths:2 | Noticed billz999's ghost (veteran GnHu)
 54016 | Depths:2 | Noticed valliere's ghost (adept HOMo)
 54640 | Depths:3 | Gained mutation: A demonic guardian rushes to your aid.
                  | [demonic ancestry]
 54640 | Depths:3 | Reached XP level 23. HP: 188/196 MP: 36/42
 55065 | Depths:3 | Noticed a caustic shrike
 55067 | Depths:3 | Noticed a caustic shrike
 55068 | Depths:3 | Noticed a caustic shrike
 55069 | Depths:3 | Noticed a caustic shrike
 55070 | Depths:3 | Killed a caustic shrike
 55081 | Depths:2 | Killed a caustic shrike
 55086 | Depths:2 | Killed a caustic shrike
 55461 | Depths:3 | Killed a caustic shrike
 55558 | Depths:3 | Noticed a caustic shrike
 55566 | Depths:3 | Killed a caustic shrike
 56001 | Depths:3 | Noticed a juggernaut
 56254 | Depths:3 | Identified the +1 flail "Fokhlokk" {freeze, Drain rN+++
                  | Dex+4}
 56276 | Depths:3 | Killed a juggernaut
 56690 | Depths:3 | Reached skill level 20 in Conjurations
 56831 | Depths:3 | Identified the +9 battleaxe of Ravage {spect, rElec Will+
                  | rCorr Stlth-}
 57078 | Depths:4 | Entered Level 4 of the Depths
 57668 | Depths:4 | Reached skill level 5 in Staves
 57770 | Depths:4 | Found a gate to the Realm of Zot.
 57907 | Depths:4 | Noticed a caustic shrike
 57912 | Depths:4 | Killed a caustic shrike
 58080 | Depths:4 | Found a stormy altar of Qazlal.
 58099 | Depths:4 | Noticed a caustic shrike
 58101 | Depths:4 | Noticed a caustic shrike
 58102 | Depths:4 | Killed a caustic shrike
 58103 | Depths:4 | Killed a caustic shrike
 58110 | Depths:4 | Noticed a caustic shrike
 58115 | Depths:4 | Killed a caustic shrike
 58335 | Depths:4 | Found a one-way gateway to a ziggurat.
 58676 | Zig:1    | Entered Level 1 of a ziggurat
 58715 | Zig:2    | Entered Level 2 of a ziggurat
 58782 | Zig:3    | Entered Level 3 of a ziggurat
 58789 | Zig:3    | Gained mutation: You can speak a Word of Chaos. [demonic
                  | ancestry]
 58789 | Zig:3    | Reached XP level 24. HP: 203/203 MP: 37/44
 58855 | Zig:4    | Entered Level 4 of a ziggurat
 58856 | Zig:4    | Identified the amulet "Byskir" {Regen+ Str+3}
 58856 | Zig:4    | Identified the +1 chain mail of the Fife {Will+ SInv}
 58926 | Zig:5    | Entered Level 5 of a ziggurat
 58931 | Zig:5    | Identified the +5 falchion "Abatheoj" {venom, Will+ Str+6
                  | Dex-2}
 58932 | Zig:5    | Found the +3 salamander hide armour {Flames rF++ rC--}
 58992 | Zig:6    | Entered Level 6 of a ziggurat
 59000 | Zig:6    | Identified the +3 great sword "Olu Iqoh" {vorpal, SInv}
 59085 | Zig:7    | Entered Level 7 of a ziggurat
 59162 | Zig:7    | Identified the ring of Aginkif {Will+ Dex+3}
 59169 | Zig:7    | Reached XP level 25. HP: 210/210 MP: 44/44
 59182 | Zig:8    | Entered Level 8 of a ziggurat
 59246 | Zig:8    | Reached XP level 26. HP: 217/217 MP: 44/44
 59258 | Zig:9    | Entered Level 9 of a ziggurat
 59267 | Zig:9    | Noticed a royal mummy
 59271 | Zig:9    | Killed a royal mummy
 59419 | Zig:9    | Identified the amulet of Sin {Reflect Will- Dex+6 SH+5
                  | SInv}
 59420 | Zig:9    | Found the +10 morningstar "Eos" {elec, Halo rElec}
 59429 | Zig:9    | Reached skill level 21 in Conjurations
 59429 | Zig:9    | Gained mutation: A powerful demonic guardian rushes to your
                  | aid. [demonic ancestry]
 59429 | Zig:9    | Reached XP level 27. HP: 219/219 MP: 44/44
 59444 | Zig:10   | Entered Level 10 of a ziggurat
 59529 | Zig:11   | Entered Level 11 of a ziggurat
 59538 | Zig:11   | Identified the Essays on the Voyage
 59539 | Zig:11   | Identified the +10 falchion "Jefi Ushru" {vorpal, rC+
                  | Dex+3}
 59702 | Zig:12   | Entered Level 12 of a ziggurat
 59726 | Zig:12   | Identified the ring "Raxasiji" {Fire Dex+2}
 59727 | Zig:12   | Identified the +0 robe of Neisieso {Str+4}
 59909 | Zig:13   | Entered Level 13 of a ziggurat
 59920 | Zig:13   | Found the +13 scythe of Curses {drain, Drain}
 59922 | Zig:13   | Identified Sif Muna's Directory of United Charms
 60048 | Zig:14   | Entered Level 14 of a ziggurat
 60053 | Zig:14   | Noticed a royal mummy
 60054 | Zig:14   | Noticed a royal mummy
 60055 | Zig:14   | Noticed a royal mummy
 60056 | Zig:14   | Noticed a royal mummy
 60059 | Zig:14   | Reached skill level 10 in Staves
 60070 | Zig:14   | Killed a royal mummy
 60077 | Zig:14   | Killed a royal mummy
 60078 | Zig:14   | Reached skill level 22 in Conjurations
 60078 | Zig:14   | Found the amulet of the Four Winds {rN+ Will+++ Clar}
 60078 | Zig:14   | Identified the +5 flail of Vaituacra {holy, *Slow rF+ Will+
                  | Int+2}
 60455 | Vaults:5 | Entered Level 5 of the Vaults
 60529 | Vaults:4 | Upgraded the game from 0.30-a0-414-gcb316572d5 to
                  | 0.30-a0-422-g946f4849ff
 60588 | Vaults:5 | Noticed a dread lich
 60591 | Vaults:5 | Killed a dread lich
 60687 | Vaults:5 | Paralysed by a jorogumo for 3 turns
 61128 | Vaults:5 | Reached skill level 10 in Evocations
 61178 | Vaults:5 | Noticed an ancient lich
 61181 | Vaults:5 | Killed an ancient lich
 61560 | Vaults:5 | Noticed Xtahua
 61574 | Vaults:5 | Killed Xtahua
 61744 | Vaults:5 | Acquired 494 gold pieces
 61808 | Vaults:5 | Got a silver rune of Zot
 61866 | Vaults:5 | Identified the +6 flail "Owoynkot" {protect, Contam rElec
                  | rCorr SInv}
 62043 | Vaults:5 | Identified the +5 dagger of Agony {vorpal, rElec Str+8
                  | Int-5}
 62043 | Vaults:5 | Identified The Intricacies of Wizardry
 62243 | Vaults:5 | Identified the ring of Psychosis {rF+ rN+ Int+6}
 62375 | Vaults:5 | Noticed a dread lich
 62377 | Vaults:5 | Killed a dread lich
 63303 | Slime:1  | Entered Level 1 of the Pits of Slime
 64287 | Slime:5  | Entered Level 5 of the Pits of Slime
 64588 | Slime:5  | Noticed the Royal Jelly
 64592 | Slime:5  | Killed the Royal Jelly
 64770 | Slime:5  | Identified the +7 sling of Pilouv {drain, rPois Will+}
 64770 | Slime:5  | Identified the ring of Vodka {rF+ Int+4}
 64770 | Slime:5  | Identified the +1 great sword of Imbalance {drain, rN+
                  | Str-3 Int+4 Stlth+}
 64770 | Slime:5  | Identified the amulet of Puesmess {Spirit Rampage Dex+2}
 64801 | Slime:5  | Identified the +3 morningstar "Ylituod" {protect, rElec
                  | rPois}
 64904 | Slime:5  | Got a slimy rune of Zot
 65370 | Zot:1    | Entered Level 1 of the Realm of Zot
 66469 | Zot:4    | Reached skill level 15 in Spellcasting
 66675 | Zot:3    | Noticed an orb of fire
 66679 | Zot:3    | Killed an orb of fire
 67286 | Zot:5    | Entered Level 5 of the Realm of Zot
 67839 | Zot:5    | Noticed an ancient lich
 67844 | Zot:5    | Killed an ancient lich
 67855 | Zot:5    | Noticed an orb of fire
 67860 | Zot:5    | Killed an orb of fire
 67863 | Zot:5    | Noticed an orb of fire
 67865 | Zot:5    | Killed an orb of fire
 68011 | Zot:5    | Acquired freelancePsychic's Dissertation on Incandescent
                  | Battle Magic
 68047 | Zot:5    | Noticed an orb of fire
 68051 | Zot:5    | Killed an orb of fire
 68057 | Zot:5    | Noticed an orb of fire
 68060 | Zot:5    | Killed an orb of fire
 68063 | Zot:5    | Got the Orb of Zot
 68536 | D:5      | Noticed Waulim the pandemonium lord
 68538 | D:5      | Killed Waulim the pandemonium lord
 68654 | D:$      | Escaped with the Orb!

Illustrated notes

Levels and vault maps discovered:
D:1:      mrwooster_arrival_statue_2, layout_loops_ring,
          hellmonk_ecumenical_altar_crossroads
D:2:      layout_basic
D:3:      layout_loops_ring, uniq_ijyb
D:4:      layout_cave_pools, nicolae_overflow_hallway_of_the_gods,
          nzn_random_ring, uniq_robin
D:5:      layout_loops_ring, gammafunk_ghost_cemetery,
          kennysheep_generic_room_14
D:6:      layout_basic, uniq_maggie
D:7:      layout_gridville, temple_doors_e, kennysheep_generic_room_8
D:8:      layout_layer_cave, serial_co_window_serial,
          co_window_of_opportunity_a, co_window_corner_a,
          co_window_of_opportunity_a, co_window_corner_a, co_window_corner_a,
          co_window_corner_a, co_window_of_opportunity_a, co_window_paths_a,
          co_window_paths_a, co_window_corner_ca, co_window_corner_b,
          co_window_of_opportunity_b, co_window_unsneaky_path_e,
          co_window_cross_4, glass_columns_a, glass_columns_b, glass_columns_a
D:9:      layout_basic, grunt_temple_overflow_lords_of_destruction,
          lair_entry_dummy, minmay_shattered_shrine, uniq_psyche, uniq_pikel,
          uniq_harold
D:10:     layout_rooms, nicolae_overflow_hidden_temple, serial_shops, shop
D:11:     layout_roguey, orc_0_dummy, hangedman_abyss_or_decor_stagger,
          uniq_fannar
D:12:     layout_gridville, serial_shops, shop_fountains
D:13:     layout_roguey, david_vaults_1, not_door_vault_due
D:14:     minmay_the_grid_triangle_9x9_line_8_mashed
          [minmay_the_grid_triangle_9x9_corruption,
          minmay_the_grid_triangle_9x9_stretched_checkered,
          minmay_the_grid_triangle_9x9_swiss_cheese,
          minmay_the_grid_triangle_9x9_negative_grid,
          minmay_the_grid_triangle_9x9_zippers_horizontal,
          minmay_the_grid_triangle_9x9_longest,
          minmay_the_grid_triangle_9x9_minimal,
          minmay_the_grid_triangle_9x9_prize_special], layout_irregular_city,
          gammafunk_ghost_grave, nicolae_twisting_strands,
          gauntlet_entry_generic
D:15:     grunt_enter_depths_hoard, layout_gridville, glass_columns_a
Temple:   jpeg_temple_clearing
Lair:1:   minmay_lair_oklob_tunnel, layout_gridlike,
          nicolae_quartered_pool_super, st_stairs_13,
          eino_small_chamber_without_monster, uniq_amaemon
Lair:2:   layout_misc_corridors, minmay_shoals_entry_centaurs, dummy_snake_entry
Lair:3:   layout_cave_pods, beast_lair_carwin_4
Lair:4:   layout_regular_city, slime_entry_2
Lair:5:   hangedman_lair_caniforms_friends, layout_regular_city,
          guppyfry_lair_end_dragon, nicolae_volcano_entry_vermiform,
          grunt_megastairs_1
Shoals:1: layout_shoals, nzn_prometheus_bound
Shoals:2: layout_shoals, uniq_polyphemus
Shoals:3: gammafunk_sealed_arena, layout_shoals, nicolae_specific_store
Shoals:4: shoals_end_hellmonk_lost_city, uniq_louise
Snake:1:  layout_layer_cave, ebering_ghost_disaster_area,
          nrook_guardian_serpent_ordinary, lemuel_fruit_tree, uniq_roxanne,
          uniq_asterion
Snake:2:  layout_onion_interference, grunt_ministairs_5, abandoned_shop,
          nicolae_snake_horde_hoard
Snake:3:  layout_gridlike, serial_bayou_shore_a
Snake:4:  grunt_snake_rune_serpentine_throne, layout_cave_town, drop_trap,
          uniq_aizul
Slime:1:  cheibrodos_slime_lost_civilization_10, layout_caves
Slime:2:  layout_caves
Slime:3:  layout_caves
Slime:4:  layout_caves, nicolae_slime_round_cave
Slime:5
Orc:1:    lemuel_ogre_cave, layout_caves, basic_altar, serial_shops, shop,
          nicolae_shop_overcharged_wands
Orc:2:    st_orc_pillars, layout_diamond_mine, nicolae_shop_self_help
Elf:1:    nicolae_elf_arrival_no_cutting_in_line, layout_gridlike,
          portal_desolation_entry_twin_temple, evilmike_minifort, uniq_azrael,
          uniq_jorgrun
Elf:2:    elven_hall_of_blades_hangedman_original
          [infiniplex_blade_entry_pillars], layout_loops_cross, uniq_agnes
Elf:3:    minmay_elf_hall_statues, layout_loops_cross, serial_shops,
          nicolae_lakefront_shop, minmay_strange_pillars
Vaults:1: nicolae_vaults_big_ls, ontoclasm_vaults_echo,
          nicolae_vaults_hallways_thing, v_pattern_5, hangedman_vaults_nodes,
          v_rooms_6, nicolae_vaults_little_squares_1, grunt_vaults_trifunnel,
          nicolae_vaults_theta, v_misc_33, v_misc_17,
          nicolae_vaults_shelves_hall, vaults_room_hallway,
          nicolae_vaults_little_ls, layout_vaults_omnibox, serial_shops,
          nicolae_lakefront_shop
Vaults:2: vaults_room_door_ring, dpeg_vaults_waves, v_alt_pattern_4,
          nicolae_vaults_windows_and_doors_thing, v_misc_27, v_pattern_1,
          nicolae_vaults_asterisk, nicolae_vaults_network_quinsquares
          [nicolae_vaults_network_quincunx_subvault,
          nicolae_vaults_network_quincunx_subvault,
          nicolae_vaults_network_quincunx_subvault,
          nicolae_vaults_network_quincunx_subvault], vaults_room_large_hall,
          layout_vaults_omnigrid, uniq_frederick, uniq_mara
Vaults:3: hangedman_vaults_restitches, minmay_crypt_entry_necro_gods,
          nicolae_vaults_sealed_display, v_misc_24, nicolae_vaults_arrows,
          st_lines, vaults_mumra_hexcomb, v_alt_pattern_5,
          dpeg_vaults_monster_row, ontoclasm_vaults_shuriken, v_misc_24,
          layout_vaults_omnicross, serial_shops, shop
Vaults:4: vaults_dpeg_hooks, hangedman_vaults_trim, nicolae_vaults_angled_halls,
          vaults_mumra_minichess_inversion, ontoclasm_vaults_gateway,
          nicolae_vaults_yaktaur_gun_rack, layout_vaults_chaotic_city
Vaults:5: uniq_xtahua
Depths:1: layout_honeycomb, grunt_hell_entry_dis_mu,
          nicolae_abyss_entry_one_way_or_another, drop_trap,
          hangedman_cracks_in_the_wall, uniq_sojobo
Depths:2: minmay_five_octagons, layout_basic, infiniplex_enter_wizlab_water,
          pan_entry, hell_entry, kennysheep_cross_room,
          gammafunk_ghost_cemetery, minmay_staircase_statues,
          serial_bayou_shore_b
Depths:3: grunt_twisty_corner, layout_cross, abyss_entry_small_statue_room,
          lightli_too_deep, rand_demon_pan_entry_3, uniq_margery
Depths:4: grunt_x_marks_the_spot, layout_basic, enter_ziggurat_c, hell_entry,
          abyss_entry, nicolae_qazlal_general_emergency
Zot:1:    kennysheep_ambush_hall, layout_onion_interference
Zot:2:    layout_gridlike
Zot:3:    layout_misc_corridors
Zot:4:    circus_mu, layout_misc_corridors
Zot:5:    layout_misc_corridors

Skill      XL: |  1  2  3  4  5  6  7  8  9 10 11 12 13 14 15 16 17 18 19 20 21 22 23 24 25 26 27 |
---------------+----------------------------------------------------------------------------------+-----
Stealth        | 2 3 4 |  4.1
Fighting       | 1 2 3 4 6 7 9 10 11 12 14 16 17 21 | 21.9
Translocations | 1 2 4 5 |  5.0
Conjurations   | 5 6 7 8 10 11 13 15 17 19 20 21 22 | 22.3
Poison Magic   | 3 6 8 |  8.0
Spellcasting   | 3 5 6 9 11 12 14 17 | 17.0
Dodging        | 4 6 7 8 10 12 14 16 19 | 19.0
Transmutations | 4 |  4.6
Fire Magic     | 4 8 10 12 14 15 17 18 19 20 | 20.1
Maces & Flails | 3 |  3.9
Shields        | 6 8 9 |  9.7
Armour         | 1 |  1.8
Earth Magic    | 4 6 |  6.4
Staves         | 3 4 5 6 7 11 | 11.7
Evocations     | 4 5 6 7 8 14 | 14.5

Action                   |  1- 3 |  4- 6 |  7- 9 | 10-12 | 13-15 | 16-18 | 19-21 | 22-24 | 25-27 || total
-------------------------+-------+-------+-------+-------+-------+-------+-------+-------+-------++-------
Melee: Whip              |    20 |    28 |     5 |       |       |       |       |       |       ||    53
       Kick              |     7 |     5 |    19 |    84 |   271 |   275 |   366 |   257 |   388 ||  1672
       Short sword       |       |       |    40 |   139 |       |       |       |       |       ||   179
       Punch             |       |       |     1 |     1 |     1 |       |       |       |       ||     3
       Demon whip        |       |       |       |    31 |   572 |   596 |   463 |       |       ||  1662
       Staff             |       |       |       |       |       |       |   221 |   391 |   586 ||  1198
 Cast: Magic Dart        |    20 |       |       |       |       |       |       |       |       ||    20
       Searing Ray       |    21 |    46 |    59 |    22 |       |       |       |       |       ||   148
       Iskenderun's Myst |       |       |    40 |    64 |     2 |     4 |     5 |     2 |       ||   117
       Olgreb's Toxic Ra |       |       |    11 |    56 |    63 |    13 |     2 |       |     1 ||   146
       Irradiate         |       |       |       |    20 |    21 |    23 |    32 |    18 |    19 ||   133
       Ignite Poison     |       |       |       |       |    45 |    11 |     3 |       |       ||    59
       Starburst         |       |       |       |       |    31 |    52 |       |       |       ||    83
       Ignition          |       |       |       |       |       |    91 |   113 |    44 |    77 ||   325
       Iron Shot         |       |       |       |       |       |       |   140 |    49 |    18 ||   207
       Fire Storm        |       |       |       |       |       |       |       |    94 |   125 ||   219
Invok: Curse Item        |       |       |     2 |     6 |     2 |     2 |     2 |     1 |       ||    15
       Shatter the Chain |       |       |       |     1 |     1 |     1 |     3 |       |       ||     6
Evoke: Wand              |       |     7 |     3 |       |       |       |       |     1 |       ||    11
  Use: Scroll            |     6 |     2 |     1 |     9 |     1 |     1 |     3 |     4 |    14 ||    41
       Potion            |       |       |     2 |     1 |       |     2 |     7 |     1 |    17 ||    30
 Stab: Sleeping          |       |       |       |     1 |     8 |    14 |     3 |     1 |     2 ||    29
       Distracted        |       |       |       |     1 |     1 |     4 |     3 |     2 |     2 ||    13
Armor: Robe              |     1 |       |       |       |       |       |       |       |       ||     1
       Leather armour    |     4 |    29 |    34 |     9 |       |       |       |       |       ||    76
       Troll leather arm |       |       |       |    70 |    99 |   103 |   129 |   109 |   175 ||   685
Dodge: Dodged            |    12 |    44 |    61 |   236 |   293 |   320 |   409 |   210 |   383 ||  1968
Block: Kite shield       |       |       |       |       |   427 |   525 |   507 |   293 |   485 ||  2237

Table legend: (Time is in decaauts)
 A = Elapsed time spent in this place.
 B = Non-inter-level travel time spent in this place.
 C = Inter-level travel time spent in this place.
 D = Time resting spent in this place.
 E = Time spent auto-exploring this place.
 F = Levels seen in this place.
 G = Mean time per level.
                   A        B        C        D        E       F      G
               +--------+--------+--------+--------+--------+-----+--------+
         Total |  70965 |  65584 |   5381 |   4400 |  49577 |  71 |  999.5 |
       Dungeon |  19995 |  17546 |   2449 |   1081 |  14180 |  15 | 1333.0 |
        Temple |    131 |    116 |     15 |      0 |    100 |   1 |  131.0 |
          Lair |   6550 |   6002 |    548 |    249 |   4569 |   5 | 1310.0 |
        Shoals |   5355 |   5124 |    231 |    436 |   3687 |   4 | 1338.8 |
     Snake Pit |   5751 |   5424 |    327 |    175 |   4357 |   4 | 1437.8 |
    Slime Pits |   1678 |   1509 |    169 |    274 |    923 |   5 |  335.6 |
  Orcish Mines |   1336 |   1159 |    177 |      0 |    954 |   2 |  668.0 |
   Elven Halls |   3766 |   3598 |    168 |      0 |   2704 |   3 | 1255.3 |
        Vaults |  11121 |  10512 |    609 |    325 |   8614 |   5 | 2224.2 |
        Depths |   7723 |   7206 |    517 |    998 |   5021 |   4 | 1930.8 |
           Zot |   2756 |   2588 |    168 |    529 |   1426 |   5 |  551.2 |
      Ziggurat |   1446 |   1446 |      0 |      0 |   1120 |  14 |  103.3 |
       Volcano |    627 |    627 |      0 |      0 |    429 |   1 |  627.0 |
        Wizlab |    649 |    649 |      0 |    307 |    214 |   1 |  649.0 |
    Desolation |   1643 |   1643 |      0 |      0 |   1032 |   1 | 1643.0 |
      Gauntlet |    432 |    432 |      0 |     26 |    243 |   1 |  432.0 |
               +--------+--------+--------+--------+--------+-----+--------+

Top non-repeatable levels by time:
Vaults:3: 2466 daAuts
Vaults:2: 2382 daAuts
Vaults:5: 2214 daAuts
Vaults:4: 2206 daAuts
     D:6: 2162 daAuts
Depths:2: 2148 daAuts
     D:9: 2145 daAuts
Depths:3: 1924 daAuts
Depths:4: 1894 daAuts
Vaults:1: 1850 daAuts
     D:8: 1821 daAuts
   Elf:3: 1773 daAuts
Depths:1: 1756 daAuts
 Snake:1: 1751 daAuts
Shoals:3: 1690 daAuts
